 Dungeon Sprint DCSS version 0.28.0-45-g0d030f2227 (webtiles) character file.

Game seed: 291568339084449278

3400000 boopmooplesden the Conqueror (level 21, -12/224 HPs)
             Began as a Minotaur Berserker on Apr 14, 2022.
             Was the Champion of Trog.
             Mangled by a meat berserker
             ... wielding a +9 battleaxe
              (59 damage)
             ... in the Dungeon (Sprint VIII: "Arena of Blood").
             The game lasted 00:02:48 (34 turns).

boopmooplesden the Conqueror (Minotaur Berserker)     Turns: 34, Time: 00:02:49

Health: -12/224    AC:  4    Str: 28    XL:     21   Next: 82%
Magic:  17/33      EV: 27    Int:  4    God:    Trog [******]
Gold:   0          SH:  0    Dex: 15    Spells: 20/20 levels left

rFire   . . .      SeeInvis .   i - +∞ Axe of Woe
rCold   . . .      Faith    .   (shield currently unavailable)
rNeg    . . .      Spirit   .   b - +0 animal skin
rPois   .          Reflect  .   (helmet restricted)
rElec   .          Harm     .   (no cloak)
rCorr   .          Rampage  .   (no gloves)
Will    +++..      NoTele   +   (no boots)
Stlth   +++++++++.              (no amulet)
HPRegen 1.47/turn               (no ring)
MPRegen 0.23/turn               (no ring)

@: strong-willed, regenerating
A: horns 2, retaliatory headbutt
a: Renounce Religion, Berserk, Trog's Hand, Brothers in Arms


You were in the Dungeon.
You worshipped Trog.
Trog was exalted by your worship.
You visited 1 branch

Inventory:

Hand Weapons
 a - a +0 falchion
 i - the +∞ Axe of Woe (weapon)
   (You found it in the Dungeon)
Armour
 b - a +0 animal skin (worn)
Potions
 c - a potion of curing
 e - a potion of haste
 f - 2 potions of magic
 g - a potion of berserk rage


   Skills:
 O Level 27 Fighting
 + Level 21.8(26.4) Short Blades
 O Level 27 Long Blades
 O Level 27 Axes
 + Level 23.5(27) Maces & Flails
 + Level 23.5(27) Polearms
 + Level 23.5(27) Staves
 + Level 21.0(24.4) Slings
 + Level 21.0 Bows
 + Level 21.0 Crossbows
 + Level 19.5(22.6) Throwing
 O Level 27 Armour
 O Level 27 Dodging
 O Level 27 Stealth
 + Level 22.3 Shields
 + Level 20.7 Unarmed Combat
 + Level 19.1 Invocations
 + Level 17.7 Evocations


You had 20 spell levels left.
You didn't know any spells.
Your spell library was empty.

Dungeon Overview and Level Annotations

Branches:
Dungeon (1/1)

Altars:
Makhleb


Innate Abilities, Weirdness & Mutations

You have a pair of horns on your head.
You reflexively headbutt those who attack you in melee.


Message History

The bag of meat shouts!
You dice the meat berserker like an onion!!!
You cleave the meat berserker in twain.
You kill the meat berserker!
Trog accepts your kill.
You slice the bag of meat!!
You fatally mangle the bag of meat.
You kill the bag of meat!
Trog accepts your kill.
You slash the bag of meat!
You pulverise the bag of meat into a thin bloody mist.
You kill the bag of meat!
Trog accepts your kill.
You hear a shout! x3
A bag of meat comes into view. It is wielding a +9 war axe.
You hear a shout!
A bag of meat comes into view. It is wielding a +9 war axe. x2
The bag of meat shouts!
Your base Short Blades skill increases to level 21!
Your base Maces & Flails skill increases to level 23!
Your base Polearms skill increases to level 23!
Your base Staves skill increases to level 23!
Your base Slings skill increases to level 21!
Your Bows skill increases to level 21!
Your Crossbows skill increases to level 21!
Your base Throwing skill increases to level 19!
Your Shields skill increases to level 22!
Your Unarmed Combat skill increases to level 20!
Your Invocations skill increases to level 19!
Your Evocations skill increases to level 17!
Unknown command.
Your skin crawls.
You feel strong-willed.
You hear a shout! x4
A bag of meat comes into view. It is wielding a +9 war axe.
You hear a shout!
A bag of meat comes into view. It is wielding a +9 war axe.
You hear a shout!
A bag of meat comes into view. It is wielding a +9 war axe.
The meat berserker hits you with a +9 battleaxe!!!
You die... .. ..........o.. ... .....# ......ooo. ... ...O.# ......ooo. oo..

....###....O..o. z....
###............o###oo...
._................o.....
....#.......#.#O))o.....
.<)_#.))..OooO.)@O.....=
.).)#..)))o#.#.#ooo.....
._)O.o)))......oO.......
###.)o......#.#.#o.#....
....o###........ o#. ...
.....# ..........o.#. ..
.....# ..........o# .. .
...............o o. o.
....... .#...#.


You could see a sculptor of flesh, 2 large bags of meat, 4 meat berserkers and
29 bags of meat.

Vanquished Creatures
  2 vampire knights (D)
  21 ogres (D)
  23 orcs (D)
46 creatures vanquished.

Notes
Turn   | Place    | Note
-------+----------+-------------------------------------------
     0 | D        | Found the +∞ Axe of Woe
     0 | D        | boopmooplesden the Minotaur Berserker began the quest for
                  | the Orb.
     0 | D        | Reached XP level 1. HP: 19/19 MP: 0/0
     0 | D        | Noticed a meat berserker
     2 | D        | Noticed a meat berserker
     2 | D        | Noticed a bag of meat
     2 | D        | Noticed a bag of meat
     3 | D        | Killed a meat berserker
     3 | D        | Noticed a bag of meat
     3 | D        | Noticed a bag of meat
     4 | D        | Reached skill level 5 in Axes
     4 | D        | Reached skill level 10 in Dodging
     4 | D        | Reached XP level 2. HP: 60/60 MP: 1/1
     4 | D        | Reached XP level 3. HP: 67/67 MP: 2/2
     4 | D        | Reached XP level 4. HP: 75/75 MP: 3/3
     4 | D        | Reached XP level 5. HP: 82/82 MP: 4/4
     4 | D        | Reached XP level 6. HP: 91/91 MP: 5/5
     4 | D        | Reached XP level 7. HP: 97/97 MP: 6/6
     4 | D        | Reached XP level 8. HP: 106/106 MP: 7/7
     4 | D        | Reached XP level 9. HP: 114/114 MP: 8/8
     4 | D        | Reached XP level 10. HP: 122/122 MP: 9/9
     4 | D        | Reached XP level 11. HP: 129/129 MP: 10/10
     4 | D        | Noticed a meat berserker
     4 | D        | Noticed a meat berserker
     5 | D        | Killed a bag of meat
     5 | D        | Reached ** piety under Trog
     6 | D        | Reached XP level 12. HP: 69/143 MP: 11/11
     6 | D        | Killed a meat berserker
     6 | D        | Killed a bag of meat
     7 | D        | Reached skill level 10 in Axes
     7 | D        | Reached skill level 15 in Armour
     7 | D        | Reached XP level 13. HP: 77/157 MP: 12/12
     7 | D        | Killed a meat berserker
     7 | D        | Killed a bag of meat
     7 | D        | Reached *** piety under Trog
     7 | D        | Killed a meat berserker
     7 | D        | Noticed a meat berserker
     8 | D        | Reached skill level 27 in Fighting
     8 | D        | Reached skill level 27 in Long Blades
     8 | D        | Reached XP level 14. HP: 83/168 MP: 13/13
     8 | D        | Reached XP level 15. HP: 85/174 MP: 14/14
     8 | D        | Noticed a meat berserker
    10 | D        | Killed a meat berserker
    11 | D        | Noticed a meat berserker
    14 | D        | Reached **** piety under Trog
    14 | D        | Killed a meat berserker
    14 | D        | Noticed a meat berserker
    15 | D        | Reached skill level 27 in Axes
    15 | D        | Reached XP level 16. HP: 93/183 MP: 15/15
    15 | D        | Killed a meat berserker
    15 | D        | Noticed a meat berserker
    15 | D        | Noticed a meat berserker
    15 | D        | Noticed a meat berserker
    16 | D        | Noticed a meat berserker
    17 | D        | Reached ***** piety under Trog
    18 | D        | Reached skill level 27 in Armour
    18 | D        | Reached skill level 27 in Dodging
    18 | D        | Received a gift from Trog
    19 | D        | Reached skill level 5 in Short Blades
    19 | D        | Reached skill level 5 in Slings
    19 | D        | Reached skill level 5 in Bows
    19 | D        | Reached skill level 5 in Crossbows
    19 | D        | Reached skill level 5 in Throwing
    19 | D        | Reached skill level 5 in Shields
    19 | D        | Reached skill level 5 in Unarmed Combat
    19 | D        | Killed a meat berserker
    20 | D        | Reached XP level 17. HP: 101/191 MP: 15/21
    20 | D        | Noticed a meat berserker
    21 | D        | Killed a meat berserker
    21 | D        | Killed a meat berserker
    21 | D        | Noticed a meat berserker
    21 | D        | Noticed a large bag of meat
    22 | D        | Reached skill level 10 in Short Blades
    22 | D        | Reached skill level 10 in Slings
    22 | D        | Reached skill level 10 in Bows
    22 | D        | Reached skill level 10 in Crossbows
    22 | D        | Reached skill level 10 in Shields
    22 | D        | Killed a meat berserker
    22 | D        | Killed a meat berserker
    22 | D        | Noticed a meat berserker
    23 | D        | Reached skill level 10 in Stealth
    23 | D        | Reached skill level 10 in Invocations
    23 | D        | Reached XP level 18. HP: 40/200 MP: 15/25
    24 | D        | Noticed a meat berserker
    24 | D        | Noticed a meat berserker
    24 | D        | Noticed a meat berserker
    24 | D        | Noticed a meat berserker
    24 | D        | Noticed a meat berserker
    25 | D        | Noticed a meat berserker
    25 | D        | Noticed a meat berserker
    25 | D        | Noticed a meat berserker
    25 | D        | Noticed a destroyer
    26 | D        | Noticed a destroyer
    26 | D        | Killed a meat berserker
    26 | D        | Killed a meat berserker
    27 | D        | Killed a meat berserker
    27 | D        | Reached ****** piety under Trog
    28 | D        | Reached XP level 19. HP: 77/207 MP: 16/26
    28 | D        | Killed a meat berserker
    28 | D        | Received a gift from Trog
    28 | D        | Noticed a meat berserker
    28 | D        | Noticed a meat berserker
    29 | D        | Reached skill level 27 in Stealth
    29 | D        | Killed a destroyer
    29 | D        | Killed a meat berserker
    30 | D        | Reached skill level 15 in Slings
    30 | D        | Reached skill level 15 in Bows
    30 | D        | Reached skill level 15 in Crossbows
    30 | D        | Reached skill level 15 in Unarmed Combat
    30 | D        | Reached XP level 20. HP: 43/216 MP: 16/29
    30 | D        | Killed a meat berserker
    30 | D        | Killed a meat berserker
    30 | D        | Noticed a large bag of meat
    31 | D        | Reached skill level 15 in Throwing
    31 | D        | Reached skill level 15 in Invocations
    31 | D        | Received a gift from Trog
    31 | D        | Killed a meat berserker
    31 | D        | Killed a destroyer
    31 | D        | Noticed a large bag of meat
    32 | D        | Reached XP level 21. HP: 45/224 MP: 16/32
    32 | D        | Received a gift from Trog
    34 | D        | Mangled by a meat berserker

Illustrated notes

Levels and vault maps discovered:
D:        meatsprint

Skill      XL: |  1  2  3  4  5  6  7  8  9 10 11 12 13 14 15 16 17 18 19 20 21 |
---------------+----------------------------------------------------------------+-----
Fighting       | 21 23 26 27 | 27.0
Long Blades    | 21 23 26 27 | 27.0
Axes           | 5 6 10 22 27 | 27.0
Armour         | 12 13 15 19 24 27 | 27.0
Dodging        | 10 11 13 18 23 27 | 27.0
Short Blades   | 8 12 16 19 21 | 21.8
Maces & Flails | 9 13 17 21 23 | 23.5
Polearms       | 9 13 17 21 23 | 23.5
Staves         | 9 13 17 21 23 | 23.5
Slings         | 8 12 15 19 21 | 21.0
Bows           | 8 12 15 19 21 | 21.0
Crossbows      | 8 12 15 19 21 | 21.0
Throwing       | 7 11 14 17 19 | 19.5
Stealth        | 6 10 26 27 | 27.0
Shields        | 8 12 16 20 22 | 22.3
Unarmed Combat | 7 11 15 18 20 | 20.7
Invocations    | 7 10 14 17 19 | 19.1
Evocations     | 6 9 12 16 17 | 17.7

Action                   |  1- 3 |  4- 6 |  7- 9 | 10-12 | 13-15 | 16-18 | 19-21 || total
-------------------------+-------+-------+-------+-------+-------+-------+-------++-------
Melee: Executioner's axe |     1 |       |       |     2 |     3 |     8 |     6 ||    20
Invok: Trog's Hand       |       |       |       |       |       |     1 |     1 ||     2
  Use: Scroll            |       |       |       |       |       |     1 |       ||     1
       Potion            |       |       |       |       |       |     1 |       ||     1
